Map: Old Republic LE

Players

SANDELEALI

  • Race: Protoss Protoss
  • League: Diamond
  • Spawn Location: 1:00

roy - Winner!

  • Race: Terran Terran
  • League: Diamond
  • Spawn Location: 7:00

VOD

Have the link to the VOD?

Description

Time

  • Played on: May 19, 2026, 4:22 a.m.
  • Length: 7:48
Show
View Real Time Build Order
Export as new Build Order

SANDELEALI Protoss 

Build Orders:  

Get SALT Encoding   

  1  0:00  Probe  
  12  0:05  Probe  
  14  0:14  Probe  
  15  0:22  Pylon  
  15  0:40  Probe  
  15  0:41  Gateway  
  16  0:52  Probe  
  16  0:54  Assimilator  
  16  0:56  Pylon  
  17  1:05  Probe  
  17  1:08  Assimilator  
  18  1:17  Probe  
  19  1:29  Probe  
  20  1:35  Cybernetics Core  
  20  1:39  Probe  
  21  1:47  Probe  
  22  1:56  Probe  
  23  2:02  Stalker  
  23  2:05  Nexus  
  25  2:19  Warp Gate  
  25  2:27  Robotics Facility  
  25  2:32  Gateway  
  25  2:43  Probe  
  26  2:54  Pylon  
  26  2:55  Stalker, Probe  
  29  3:07  Twilight Council  
  29  3:09  Probe  
  30  3:15  Observer  
  30  3:18  Probe  
  31  3:22  Probe  
  31  3:26  Probe  
  33  3:31  Stalker x2  
  36  3:39  Probe  
  36  3:40  Pylon  
  39  3:52  Shield Battery  
  39  4:06  Probe x2  
  41  4:15  Stalker x2  
  41  4:16  Observer  
  45  4:18  Probe x2  
  48  4:28  Shield Battery  
  48  4:30  Probe  
  48  4:31  Probe  
  50  4:37  Robotics Bay  
  50  4:43  Probe x2  
  52  4:45  Assimilator  
  52  4:55  Probe x2  
  52  4:57  Nexus  
  52  4:59  Pylon  
  54  5:01  Sentry  
  54  5:04  Sentry  
  58  5:12  Probe x2  
  59  5:24  Probe x2  
  59  5:25  Blink, Gateway  
  59  5:28  Gateway  
  61  5:30  Stalker  
  63  5:36  Probe  
  63  5:37  Probe  
  63  5:41  Assimilator  
  65  5:43  Stalker  
  67  5:51  Observer  
  67  5:52  Pylon  
  68  6:06  Zealot  
  68  6:07  Stalker  
  62  6:28  Stalker x3  
  62  6:32  Immortal  
  67  6:40  Stalker  
  67  6:55  Stalker  
  67  7:03  Gateway x2  
  67  7:06  Nexus  
  67  7:07  Gateway  
  50  7:34  Stalker x4  
Show
View Real Time Build Order
Export as new Build Order

roy Terran - Winner!

Build Orders: Cyclone Opening 

Get SALT Encoding   

  12  0:00  SCV  
  13  0:13  SCV  
  14  0:20  Supply Depot  
  14  0:26  SCV  
  15  0:39  Refinery  
  15  0:42  Barracks  
  15  0:43  SCV  
  16  0:55  SCV  
  16  0:56  Refinery  
  17  1:07  Supply Depot, SCV  
  18  1:19  SCV  
  19  1:31  Reaper  
  21  1:33  Orbital Command  
  20  1:47  Factory  
  20  2:00  SCV  
  21  2:09  Barracks Reactor  
  21  2:10  Bunker  
  21  2:13  SCV  
  22  2:24  Supply Depot  
  22  2:26  SCV  
  23  2:32  Factory Tech Lab  
  23  2:37  Starport  
  23  2:38  SCV  
  24  2:46  Marine x2  
  24  2:50  SCV  
  27  2:52  Cyclone  
  30  3:02  SCV  
  31  3:05  Marine  
  31  3:06  Marine  
  33  3:16  Starport Tech Lab  
  33  3:26  Cyclone, Marine  
  33  3:27  Marine  
  38  3:34  Supply Depot  
  38  3:54  Command Center, SCV  
  39  4:02  Raven  
  41  4:12  Cyclone  
  43  4:19  Cloaking Field  
  43  4:27  Barracks  
  43  4:33  Supply Depot  
  43  4:37  Mag-Field Accelerator  
  43  4:42  SCV  
  44  4:49  Cyclone  
  47  4:57  Supply Depot  
  47  4:58  Marine x2  
  49  5:02  SCV  
  50  5:15  Barracks Tech Lab  
  50  5:21  Marine x2  
  50  5:23  Banshee  
  50  5:26  SCV  
  56  5:29  Orbital Command  
  56  5:35  Marine  
  57  5:37  Stimpack  
  57  5:51  Supply Depot  
  57  5:53  Marine x3  
  57  5:55  Cyclone  
  63  6:10  Banshee  
  66  6:12  SCV x2  
  66  6:14  Refinery  
  66  6:16  Refinery  
  68  6:32  Cyclone  
  70  6:33  Marine x3  
  67  6:56  SCV  
  67  6:57  SCV  
  67  6:58  Marine x3  
  72  7:04  Cyclone  
  69  7:29  Marine x3  
Tags
 
Add a new tag
Caveats
  • Supply blocks, unpowered buildings, or Contaminate may cause inaccurate times.
  • Supply counts are checked every 10 seconds.